 Dungeon Crawl Stone Soup version 0.27-b1-16-g6517624069 (webtiles) character file.

Game seed: 222727148783971988

62 seveneves the Shield-Bearer (level 3, 0/33 HPs)
             Began as a Minotaur Fighter on July 26, 2021.
             Frozen to death by an endoplasm (2 damage)
             ... on level 3 of the Dungeon.
             The game lasted 00:06:48 (1455 turns).

seveneves the Shield-Bearer (Minotaur Fighter)      Turns: 1455, Time: 00:06:49

Health: 0/33       AC: 11    Str: 21    XL:     3   Next: 85%
Magic:  2/2        EV:  7    Int:  5    God:
Gold:   59         SH:  9    Dex:  9    Spells: 2/2 levels left

rFire    . . .     SeeInvis .   a - +0 long sword
rCold    . . .     Faith    .   c - +0 kite shield
rNeg     . . .     Spirit   .   b - +0 scale mail
rPois    .         Reflect  .   (helmet restricted)
rElec    .         Harm     .   (no cloak)
rCorr    .         Rampage  .   (no gloves)
Will     .....                  (no boots)
Stlth    ..........             (no amulet)
HPRegen  0.11/turn              g - +4 ring of protection
MPRegen  0.08/turn              (no ring)

@: no status effects
A: horns 2, retaliatory headbutt
a: no special abilities


You were on level 3 of the Dungeon.
You visited 1 branch of the dungeon, and saw 3 of its levels.

You collected 59 gold pieces.

Inventory:

Hand Weapons
 a - a +0 long sword (weapon)
Missiles
 f - 7 curare-tipped darts (quivered)
Armour
 b - a +0 scale mail (worn)
 c - a +0 kite shield (worn)
Jewellery
 g - a +4 ring of protection (left hand)
Scrolls
 h - 2 scrolls of identify {unknown}
 j - a scroll of fear {unknown}
 l - a scroll of blinking {unknown}
 m - a scroll of noise {unknown}
Potions
 d - a potion of might
 e - a potion of invisibility {unknown}
 i - a potion of ambrosia {unknown}
 k - a potion of mutation {unknown}


   Skills:
 + Level 4.1 Fighting
 + Level 3.3 Long Blades
 + Level 4.1 Armour
 + Level 0.9 Dodging
 + Level 4.3 Shields


You had 2 spell levels left.
You didn't know any spells.
Your spell library contained the following spells:

 Spells                   Type           Power      Damage    Failure   Level
 Sublimation of Blood     Necr           0%         N/A       100%        2
 Wereblood                Tmut           0%         N/A       100%        2
 Summon Hydra             Summ           0%         N/A       100%        7


Dungeon Overview and Level Annotations

Branches:
Dungeon (3/15)

Altars:


Innate Abilities, Weirdness & Mutations

You have a pair of horns on your head.
You reflexively headbutt those who attack you in melee.


Message History

You closely miss something. The hobgoblin hits you.
The orc hits you but does no damage.
The quokka bites you but does no damage.
Something hits you but does no damage.
The hobgoblin hits you but does no damage.
The orc barely misses you.
The quokka bites you but does no damage.
You hit something. You headbutt something!
Something hits you but does no damage. The orc hits you but does no damage.
The hobgoblin hits you but does no damage.
The quokka bites you. Something hits you.
* * * LOW HITPOINT WARNING * * *
The hobgoblin hits you but does no damage.
Something hits you.
* * * LOW HITPOINT WARNING * * *
You slash the hobgoblin!
You kill the hobgoblin!
You feel less confused.
The quokka bites you but does no damage.
Something hits you.
* * * LOW HITPOINT WARNING * * *
The quokka bites you but does no damage.
You are too injured to fight recklessly!
Unknown command.
Unknown command.
You are too injured to fight recklessly!
You hit the orc.
The orc is heavily wounded.
The orc hits you but does no damage.
The quokka bites you but does no damage.
You hear some strange, mumbled words.
A puff of flame appears from out of thin air!
You block the puff of flame. The orc hits you but does no damage.
The quokka bites you but does no damage.
You hear some strange, mumbled words.
A magic dart appears from out of thin air!
The magic dart hits you but does no damage.
The endoplasm freezes you.
You are frozen.
You die...

.... # .... ..##!.
......#######
............#
......).<...#
...#..))..g.##
##.....{oJ.###..
.......o.r@.......
......).####......
.#....... ......
#....... ##.#.
#....... ..
......... # ....


You could see 2 orcs, an endoplasm, a quokka and a goblin.

Vanquished Creatures
  An adder (D:2)
  A worm (D:2)
  A dart slug (D:2)
  3 orcs (D:3)
  3 bats
  2 endoplasms (D:1)
  3 giant cockroaches (D:1)
  2 goblins
  5 hobgoblins
  7 jackals
  2 quokkas
  2 ball pythons (D:2)
  4 frilled lizards
  3 kobolds
  3 rats (D:2)
42 creatures vanquished.

Vanquished Creatures (others)
  A plant (D:1)
1 creature vanquished.

Grand Total: 43 creatures vanquished

Notes
Turn   | Place    | Note
-------+----------+-------------------------------------------
     0 | D:1      | seveneves the Minotaur Fighter began the quest for the Orb.
     0 | D:1      | Reached XP level 1. HP: 19/19 MP: 0/0
   182 | D:1      | Reached XP level 2. HP: 27/27 MP: 1/1
   316 | D:1      | Found a faded altar of an unknown god.
   767 | D:2      | Reached XP level 3. HP: 33/33 MP: 2/2
  1455 | D:3      | Frozen to death by an endoplasm

Illustrated notes

Levels and vault maps discovered:
D:1:      scummos_arrival_star, layout_loops_ring,
          shapermc_ecumenical_altar_acropolis, minmay_tetromino_o2
D:2:      layout_basic
D:3:      layout_rooms, gammafunk_ghost_cemetery, uniq_terence,
          uniq_crazy_yiuf_cottage, uniq_robin

Skill      XL: |  1  2  3 |
---------------+----------+-----
Shields        | 4 |  4.3
Armour         | 4 |  4.1
Fighting       | 4 |  4.1
Long Blades    | 3 |  3.3
Dodging        | |  0.9

Action                   || total
-------------------------++-------
Melee: Long sword        ||    92
       Headbutt          ||    15
Armor: Scale mail        ||    86
Dodge: Dodged            ||    43
Block: Kite shield       ||    47
       Rpst.: Long sword ||    10
